 Dungeon Crawl Stone Soup version 0.31-a0-1522-g43313d8a59 (webtiles) character file.

Game seed: 2460174918656729276

0 AstroCodex24 the Covered (level 1, -3/18 HPs)
             Began as a Demigod Fighter on Dec 30, 2023.
             Slain by Jessica
             ... wielding a +0 dagger
              (6 damage)
             ... on level 2 of the Dungeon.
             The game lasted 00:00:13 (35 turns).

AstroCodex24 the Covered (Demigod Fighter)            Turns: 35, Time: 00:00:13

Health: -3/18      AC:  6    Str: 17    XL:     1   Next: 6%
Magic:  3/3        EV:  9    Int: 10    God:
Gold:   7          SH:  4    Dex: 13    Spells: 0/0 levels left

rFire   . . .        a - +0 war axe
rCold   . . .        c - +0 buckler
rNeg    . . .        b - +0 scale mail
rPois   .            (no helmet)
rElec   .            (no cloak)
rCorr   .            (no gloves)
SInv    .            (no boots)
Will    .....        (no amulet) Stlth
                     (no ring)
HPRegen 0.23/turn    (no ring)
MPRegen 0.08/turn

%: no passive effects
@: lethally poisoned (-3 -> -6), slowed, very slow
A: high MP 1, forlorn, divine attributes
a: no special abilities


You were on level 2 of the Dungeon.
You visited 1 branch of the dungeon, and saw 2 of its levels.

You collected 7 gold pieces.

Inventory:

Hand Weapons
 a - a +0 war axe (weapon)
Armour
 b - a +0 scale mail (worn)
 c - a +0 buckler (worn)
Potions
 d - a potion of might
 e - a potion of cancellation {unknown}


   Skills:
 + Level 2.6 Fighting
 + Level 1.7 Axes
 + Level 2.7 Armour
 + Level 2.6 Shields


You couldn't memorise any spells.
You didn't know any spells.
Your spell library was empty.

Dungeon Overview and Level Annotations

Branches:
Dungeon (2/15)

Annotations:
D:2 Jessica


Innate Abilities, Weirdness & Mutations

You have an increased reservoir of magic. (+10% MP)
You shall have no god before yourself.
Your divine heritage dramatically boosts your attributes as you level up.


Message History

The adder bites you but does no damage. The bat barely misses you.
The bat closely misses you.
Jessica grins evilly.
The hobgoblin attacks as it pursues you!
The hobgoblin hits you but does no damage.
Found 7 gold pieces.
The bat closely misses you.
You hit the bat.
You kill the bat!
You slash the adder! You hit Jessica. You hit the hobgoblin but do no damage.
The adder barely misses you.
Jessica grins evilly.
Jessica closely misses you. The hobgoblin closely misses you.
The adder bites you. Jessica attacks as she pursues you!
Jessica closely misses you.
The hobgoblin attacks as it pursues you!
The hobgoblin hits you.
You see here a bat corpse.
The adder bites you but does no damage. Jessica gestures at you while chanting.
You feel yourself slow down. You block the hobgoblin's attack.
The adder bites you but does no damage.
Found a leather armour.
Found two stone staircases leading up.
The hobgoblin hits you.
The ribbon worm expels a string of sticky webbing.
You block the stream of webbing. The hobgoblin hits you.
You block the adder's attack. The adder closely misses you.
The hobgoblin attacks as it pursues you!
You block the hobgoblin's attack.
Jessica casts a spell.
Jessica seems to speed up.
The adder bites you.
You are poisoned.
The adder poisons you!
You hear a shout!
* * * LOW HITPOINT WARNING * * *
You feel sick. Jessica hits you with a +0 dagger.
* * * LOW HITPOINT WARNING * * *
Jessica hits you with a +0 dagger.
You die...

#..............
#..............
#....w.........
.##....w.......?.
....(............
..............:..
<......S.†.......
.......g@w.......
.......@.........
...>.#$##........
.....#. ##.......
<... ## .......
[.. ####$.. ...
...


You could see 2 ribbon worms, an adder, a dart slug, Jessica (fast) and a
hobgoblin.

Vanquished Creatures
  A bat (D:2)
1 creature vanquished.

Notes
Turn   | Place    | Note
-------+----------+-------------------------------------------
     0 | D:1      | AstroCodex24 the Demigod Fighter began the quest for the
                  | Orb.
     0 | D:1      | Reached XP level 1. HP: 18/18 MP: 3/3
    20 | D:2      | Noticed Jessica
    35 | D:2      | Slain by Jessica

Illustrated notes

Levels and vault maps discovered:
D:1:      heliophobic_arrival_battle_scene, layout_loops_ring,
          minmay_heptomino_h4
D:2:      layout_rooms, uniq_jessica

Action                     || total
---------------------------++-------
  Melee: War axe           ||     1
 Armour: Scale mail        ||    16
  Dodge: Dodged            ||    11
  Block: Buckler           ||     4

Table legend: (Time is in decaauts)
 A = Elapsed time spent in this place.
 B = Non-inter-level travel time spent in this place.
 C = Inter-level travel time spent in this place.
 D = Time resting spent in this place.
 E = Time spent auto-exploring this place.
 F = Levels seen in this place.
 G = Mean time per level.
                   A        B        C        D        E       F      G
               +--------+--------+--------+--------+--------+-----+--------+
         Total |     36 |     36 |      0 |      0 |      0 |   2 |   18.0 |
       Dungeon |     36 |     36 |      0 |      0 |      0 |   2 |   18.0 |
               +--------+--------+--------+--------+--------+-----+--------+

Top non-repeatable levels by time:
     D:1: 19 daAuts
     D:2: 17 daAuts
